Map: 硬线-天梯版

Players

NightMare

  • Race: Protoss Protoss
  • League: Master

TIME (Oliveira) - Winner!

  • Race: Terran Terran
  • League: Grandmaster

Event: DreamHack SC2 Masters Last Chance 2022

VOD

Have the link to the VOD?

Description

Time

  • Played on: Dec. 15, 2021, 4:32 a.m.
  • Length: 18:15

All games in this series

Show
View Real Time Build Order
Export as new Build Order

NightMare Protoss 

Build Orders: 1 Gate Expand, Blink Stalkers 

Get SALT Encoding   

  12  0:00  Probe  
  13  0:12  Probe  
  14  0:18  Pylon  
  14  0:24  Probe (Chrono Boost)  
  15  0:36  Probe (Chrono Boost)  
  15  0:38  Gateway  
  16  0:45  Probe (Chrono Boost)  
  16  0:49  Assimilator  
  17  0:51  Probe  
  18  1:03  Probe  
  19  1:15  Probe  
  20  1:25  Cybernetics Core  
  22  1:35  Nexus  
  20  1:43  Pylon  
  20  1:44  Probe  
  21  1:53  Assimilator  
  20  1:56  Probe (Chrono Boost)  
  21  2:02  Adept  
  21  2:05  Warp Gate  
  21  2:08  Probe (Chrono Boost)  
  24  2:13  Probe (Chrono Boost)  
  25  2:22  Probe (Chrono Boost)  
  26  2:25  Twilight Council  
  26  2:32  Adept  
  26  2:33  Probe (Chrono Boost)  
  29  2:38  Probe (Chrono Boost)  
  30  2:47  Probe (Chrono Boost)  
  32  2:53  Gateway  
  32  2:55  Probe (Chrono Boost)  
  32  2:56  Probe (Chrono Boost)  
  33  3:01  Probe (Chrono Boost)  
  33  3:02  Adept  
  33  3:05  Probe  
  36  3:09  Blink (Chrono Boost)  
  37  3:13  Probe  
  37  3:17  Probe  
  39  3:25  Probe  
  40  3:29  Probe  
  40  3:33  Robotics Facility  
  41  3:37  Probe  
  41  3:40  Pylon  
  42  3:41  Probe  
  42  3:44  Gateway  
  43  3:49  Probe  
  43  3:51  Gateway  
  43  3:53  Probe  
  45  3:59  Stalker  
  45  4:01  Stalker, Probe  
  50  4:05  Probe  
  50  4:09  Pylon  
  51  4:10  Shield Battery  
  51  4:15  Pylon  
  51  4:17  Probe  
  51  4:18  Assimilator, Probe  
  51  4:21  Observer (Chrono Boost)  
  54  4:30  Stalker x2  
  58  4:38  Warp Prism  
  58  4:40  Probe x2  
  58  4:44  Assimilator  
  62  4:47  Stalker  
  62  4:51  Stalker  
  66  4:54  Pylon  
  66  5:07  Nexus  
  67  5:14  Observer  
  67  5:21  Stalker x4  
  73  5:26  Robotics Bay  
  75  5:30  Probe x2  
  77  5:35  Shield Battery  
  77  5:38  Observer  
  77  5:39  Pylon  
  78  5:48  Charge  
  78  5:51  Pylon  
  78  5:57  Probe x2  
  80  6:09  Probe x2  
  82  6:17  Colossus (Chrono Boost)  
  82  6:18  Extended Thermal Lance (Chrono Boost)  
  82  6:19  Probe  
  82  6:21  Probe x2  
  85  6:31  Gateway, Probe  
  84  6:34  Gateway  
  84  6:37  Observer, Gateway x2  
  82  6:41  Sentry x2  
  82  6:43  Probe x2  
  82  6:44  Probe  
  82  6:46  Shield Battery  
  89  6:49  Zealot, Sentry  
  93  6:55  Pylon, Shield Battery  
  93  6:57  Colossus (Chrono Boost)  
  99  7:05  Zealot  
  99  7:06  Zealot  
  99  7:07  Probe x3  
  104  7:22  Probe  
  105  7:23  Pylon  
  105  7:28  Zealot x5  
  115  7:31  Zealot  
  115  7:35  Templar Archives  
  117  7:41  Warp Prism  
  117  7:42  Zealot x2  
  119  7:53  Zealot x3  
  119  7:56  Nexus  
  119  7:57  Pylon  
  123  8:01  Zealot x3  
  123  8:10  Stalker x2  
  119  8:16  Zealot, Observer, High Templar x2  
  115  8:20  Archon  
  115  8:23  High Templar  
  115  8:24  Zealot, High Templar  
  115  8:26  Probe x2  
  115  8:27  Probe, Pylon  
  124  8:28  Archon  
  124  8:33  Shield Battery  
  124  8:36  Pylon  
  124  8:39  Zealot x3  
  130  8:44  Disruptor (Chrono Boost)  
  130  8:45  Gateway x2  
  130  8:47  Robotics Facility  
  133  8:53  Forge  
  133  8:54  Probe x2, Forge  
  133  8:55  Probe  
  136  9:01  Zealot x3  
  142  9:15  Protoss Ground Weapons Level 1 (Chrono Boost), Disruptor (Chrono Boost)  
  145  9:20  Probe  
  145  9:21  Assimilator, Probe x3  
  145  9:23  Assimilator  
  149  9:25  Zealot x4  
  157  9:33  Protoss Ground Armor Level 1 (Chrono Boost)  
  143  9:41  Zealot x4  
  143  9:42  Zealot, Disruptor (Chrono Boost)  
  143  9:43  Zealot, Disruptor (Chrono Boost)  
  154  9:54  Photon Cannon  
  154  10:07  Zealot x5  
  154  10:09  Assimilator  
  154  10:11  Assimilator  
  154  10:12  Pylon  
  154  10:13  Dark Shrine  
  154  10:14  Photon Cannon, Pylon  
  164  10:15  Pylon  
  164  10:16  Pylon  
  164  10:30  Observer, Probe x4, Disruptor  
  164  10:32  Disruptor  
  174  10:39  Zealot x5  
  174  10:40  Zealot x2  
  188  10:44  Zealot  
  188  10:45  Zealot  
  174  10:59  Protoss Ground Weapons Level 2 (Chrono Boost)  
  162  11:11  Nexus  
  172  11:20  Pylon  
  172  11:21  Protoss Ground Armor Level 2 (Chrono Boost)  
  172  11:22  Disruptor (Chrono Boost)  
  172  11:25  Stalker x9, Disruptor (Chrono Boost)  
  176  11:26  Stalker  
  176  11:30  Shadow Stride  
  180  11:53  Zealot x7  
  180  11:54  Zealot x3  
  129  12:07  Disruptor x2 (Chrono Boost)  
  105  12:14  Observer  
  95  12:18  High Templar x4  
  95  12:19  High Templar  
  95  12:20  Zealot x5  
  115  12:23  Archon x2  
  115  12:32  Shield Battery x2  
  115  12:37  Colossus x2 (Chrono Boost)  
  125  12:46  High Templar  
  125  12:47  Probe x4  
  131  12:52  Stalker x5, Archon  
  131  12:57  Stalker x2  
  145  12:59  Shield Battery  
  143  13:10  Dark Templar x2  
  147  13:17  Zealot x5, Observer  
  147  13:19  Zealot  
  157  13:20  Zealot  
  137  13:33  Zealot  
  121  13:36  Pylon  
  121  13:40  Probe  
  121  13:41  Probe x3  
  125  13:44  Assimilator x2  
  123  13:54  Colossus (Chrono Boost)  
  123  13:55  Stalker x10  
  137  13:57  Colossus (Chrono Boost)  
  155  14:09  Observer  
  146  14:19  Protoss Ground Armor Level 3 (Chrono Boost), Protoss Ground Weapons Level 3 (Chrono Boost)  
  129  14:27  Zealot x4  
  129  14:28  Stalker x6  
  130  14:39  Probe x3  
  130  14:40  Pylon  
  130  14:45  Disruptor x2 (Chrono Boost)  
  135  14:55  Dark Templar x5  
  145  15:03  Zealot x3  
  145  15:04  Zealot x2  
  145  15:14  Observer (Chrono Boost)  
  137  15:30  Disruptor (Chrono Boost)  
  137  15:32  Disruptor (Chrono Boost)  
  143  15:38  Dark Templar x5  
  153  15:45  Zealot x5  
  163  15:53  Nexus, Pylon  
  161  16:00  Disruptor x2 (Chrono Boost)  
  165  16:19  Stalker x10  
  147  16:44  Probe x3  
  147  16:45  Probe  
  113  16:56  Probe x2  
  113  16:57  Stalker x10  
  97  17:05  Disruptor x2 (Chrono Boost)  
  95  17:23  Dark Templar x4  
  95  17:25  Zealot x5  
  95  17:27  Probe (Chrono Boost)  
  114  17:36  Probe (Chrono Boost)  
  115  17:41  Probe (Chrono Boost)  
  115  17:43  Stalker  
  94  17:52  Stalker  
  94  17:53  Stalker x4  
  91  18:02  Stalker x2  
  91  18:03  Stalker x2  
Show
View Real Time Build Order
Export as new Build Order

TIME Terran - Winner!

Build Orders:  

Get SALT Encoding   

  12  0:00  SCV  
  13  0:12  SCV  
  14  0:17  Supply Depot  
  14  0:24  SCV  
  15  0:38  SCV  
  15  0:39  Barracks  
  16  0:44  Refinery  
  16  0:50  SCV  
  17  1:03  SCV  
  18  1:15  SCV  
  19  1:26  Marine  
  19  1:28  Orbital Command  
  20  1:44  Command Center  
  20  1:47  Barracks Reactor  
  20  1:54  SCV  
  21  2:00  Supply Depot  
  21  2:06  SCV  
  22  2:18  SCV  
  23  2:23  Reaper  
  23  2:24  Reaper  
  23  2:25  Bunker  
  25  2:30  SCV  
  26  2:38  Command Center  
  26  2:42  SCV  
  27  2:56  Orbital Command  
  27  2:58  Marine x2  
  29  3:02  SCV  
  30  3:06  Barracks  
  30  3:14  SCV  
  30  3:18  Engineering Bay, Marine x2  
  32  3:22  SCV  
  32  3:26  SCV  
  34  3:31  Barracks  
  34  3:34  SCV  
  35  3:37  Marine x2  
  35  3:38  SCV  
  38  3:45  Missile Turret, Terran Infantry Weapons Level 1  
  38  3:46  SCV  
  39  3:53  Orbital Command  
  39  3:54  SCV  
  40  3:56  Barracks Tech Lab  
  40  3:58  SCV, Marine  
  42  4:02  Marine  
  42  4:06  SCV  
  42  4:09  Refinery  
  44  4:11  SCV  
  44  4:12  Supply Depot  
  44  4:15  Stimpack, Marine  
  46  4:17  Marine  
  46  4:19  Barracks Tech Lab  
  46  4:20  SCV  
  46  4:21  SCV  
  46  4:23  SCV  
  50  4:27  Marine  
  51  4:33  Marauder  
  51  4:34  SCV x2  
  51  4:35  Factory  
  51  4:36  SCV  
  51  4:38  Refinery  
  56  4:40  Marine  
  56  4:41  Marauder  
  56  4:45  Supply Depot  
  59  4:46  SCV x2  
  59  4:50  Combat Shield  
  59  4:51  SCV  
  62  4:55  Supply Depot  
  62  4:56  Marine  
  62  4:57  Marauder  
  62  4:58  SCV  
  66  5:02  SCV  
  66  5:03  SCV  
  67  5:08  Marauder, Marine  
  67  5:09  Missile Turret  
  67  5:10  SCV  
  67  5:13  Supply Depot  
  71  5:15  Marine  
  71  5:19  Refinery, Factory Reactor  
  71  5:20  Starport  
  72  5:23  Marauder  
  72  5:24  SCV  
  72  5:25  SCV  
  72  5:27  Marine  
  77  5:33  Supply Depot, Marine  
  77  5:35  Marauder  
  80  5:39  Orbital Command  
  80  5:45  Marine  
  80  5:46  Barracks  
  80  5:47  Terran Infantry Armor Level 1  
  80  5:49  Marauder, Barracks  
  83  5:50  Missile Turret, SCV  
  83  5:51  SCV  
  83  5:55  Marine  
  83  5:56  Supply Depot  
  86  6:03  Marauder  
  88  6:05  Medivac, Factory Reactor  
  88  6:07  Medivac  
  90  6:13  SCV  
  90  6:14  SCV, Marine x2  
  90  6:15  Marauder  
  93  6:19  SCV  
  93  6:24  Marine  
  92  6:25  SCV  
  92  6:26  SCV  
  92  6:31  Supply Depot, SCV  
  92  6:32  Marine x2  
  97  6:36  Marauder  
  97  6:39  Barracks Reactor, Barracks Tech Lab  
  95  6:40  Medivac  
  95  6:42  Marauder  
  95  6:43  Supply Depot  
  95  6:44  Medivac  
  95  6:45  SCV  
  95  6:46  SCV  
  95  6:47  SCV  
  104  6:48  Supply Depot  
  104  6:49  Widow Mine x2  
  104  6:53  Marine x2  
  110  6:57  SCV  
  110  6:58  Marauder, SCV, Concussive Shells  
  110  6:59  SCV  
  115  7:09  SCV  
  115  7:10  SCV  
  109  7:16  Marauder  
  109  7:17  SCV  
  109  7:18  Marine x3  
  109  7:21  Viking x2  
  109  7:22  SCV x2  
  119  7:23  Refinery  
  119  7:24  Marine  
  119  7:25  Marauder, Refinery  
  119  7:29  SCV  
  123  7:31  Marauder, Supply Depot x2  
  125  7:40  SCV x2  
  125  7:43  Marauder  
  125  7:44  Command Center  
  129  7:45  Marine x3  
  129  7:48  Marauder  
  129  7:49  Widow Mine  
  132  7:53  Widow Mine  
  132  7:54  Viking x2  
  135  7:59  Marauder, Marine  
  135  8:03  Marine x3  
  136  8:10  Marine  
  136  8:11  Marauder  
  131  8:17  Marine  
  131  8:19  Widow Mine x2  
  134  8:21  Marauder, SCV x2, Ghost Academy  
  134  8:22  SCV  
  134  8:23  Engineering Bay  
  134  8:25  Armory  
  139  8:27  Supply Depot, Sensor Tower  
  139  8:28  Supply Depot, Viking  
  139  8:29  Viking  
  139  8:33  Marauder  
  145  8:35  Marauder  
  145  8:36  SCV  
  145  8:37  SCV  
  149  8:42  SCV  
  150  8:49  Ghost  
  150  8:52  Marine  
  150  8:53  Marine x2, Ghost  
  155  8:55  Ghost  
  155  8:57  Widow Mine, Missile Turret  
  155  8:58  Widow Mine  
  155  9:01  Viking  
  163  9:06  Viking  
  165  9:15  Planetary Fortress  
  163  9:18  Marauder  
  163  9:19  Marine x4  
  163  9:20  SCV x2  
  171  9:29  Terran Infantry Weapons Level 2, Terran Infantry Armor Level 2  
  171  9:32  SCV x2  
  167  9:40  Medivac x2  
  167  9:41  SCV  
  167  9:43  Marauder  
  167  9:44  Marauder  
  172  9:48  Supply Depot  
  172  9:50  Terran Ship Weapons Level 1, SCV  
  172  9:51  Supply Depot  
  172  9:52  Marauder  
  175  9:55  SCV  
  175  9:58  SCV x2  
  175  9:59  Bunker  
  178  10:00  Supply Depot  
  178  10:04  Marauder, Sensor Tower  
  179  10:08  Supply Depot  
  179  10:10  Marauder  
  179  10:11  SCV  
  182  10:14  Marauder  
  182  10:15  Enhanced Shockwaves  
  182  10:18  SCV  
  182  10:19  SCV  
  186  10:24  Missile Turret  
  186  10:25  Viking  
  186  10:27  Viking  
  190  10:33  Missile Turret  
  190  10:34  Missile Turret  
  184  10:50  Marine  
  184  10:51  Marauder, Marine x2  
  183  11:01  Ghost  
  183  11:03  Marine x2  
  182  11:06  Medivac  
  182  11:07  Missile Turret, Medivac, Widow Mine x2  
  182  11:08  Marine  
  191  11:12  Command Center  
  191  11:18  Barracks  
  191  11:19  Ghost, Barracks  
  191  11:20  Barracks  
  193  11:26  Ghost  
  193  11:27  Marine  
  193  11:28  Marine  
  193  11:29  Marine  
  198  11:33  Marine  
  198  11:34  Marine  
  182  11:53  Marine x2  
  159  11:54  Marauder  
  149  12:06  Marauder, Marine x2  
  149  12:07  Marauder, Barracks Reactor, Barracks Tech Lab  
  149  12:08  Barracks Tech Lab, Medivac x2  
  144  12:11  Widow Mine x2, Marine  
  144  12:12  Marine  
  144  12:15  Marauder  
  150  12:16  Terran Infantry Weapons Level 3, Command Center, Terran Infantry Armor Level 3  
  150  12:21  SCV  
  151  12:24  Marine x2  
  151  12:27  SCV, Ghost  
  151  12:29  Ghost  
  158  12:30  Marauder  
  158  12:32  SCV x2, Refinery  
  158  12:33  Refinery  
  158  12:35  Marauder, Marine  
  163  12:40  SCV x2  
  163  12:41  Marauder  
  163  12:42  Marine x2  
  163  12:44  Medivac  
  171  12:45  Planetary Fortress  
  169  12:52  Marauder, Marine x3  
  169  12:53  Marine  
  169  12:55  Terran Ship Weapons Level 2  
  175  12:58  Marine x2  
  175  12:59  Marauder  
  179  13:06  Marauder, Marine x2  
  183  13:13  Widow Mine  
  183  13:14  Widow Mine  
  174  13:29  Marine  
  174  13:31  Marauder, Marine x2  
  174  13:33  Marine x3  
  174  13:34  Marauder x3, Marine  
  176  13:36  Medivac x2  
  176  13:37  Widow Mine x2  
  176  13:40  Orbital Command  
  184  13:45  Fusion Core  
  184  13:46  Starport  
  184  13:47  Marine  
  179  13:48  Marine  
  179  13:49  Marine  
  179  13:52  Marauder, Ghost  
  179  13:55  Marine  
  176  13:57  Marine  
  176  14:01  Widow Mine x2  
  182  14:07  Marine x2  
  182  14:08  Marauder, Ghost  
  182  14:09  Marine  
  172  14:23  Marauder, Marine x2  
  149  14:27  Marine x4  
  149  14:28  Marauder x2  
  149  14:30  Widow Mine x2, Medivac x2, Starport Reactor  
  148  14:32  Marine  
  148  14:34  Advanced Ballistics  
  148  14:37  Marauder  
  149  14:41  Marine  
  149  14:43  Refinery  
  149  14:44  Refinery  
  146  14:47  Marauder, Marine x4  
  146  14:48  Command Center, Marine  
  146  14:49  Marauder  
  153  14:55  Marauder, Missile Turret, Marine  
  153  14:56  Command Center  
  153  14:58  Marine  
  156  15:10  Viking  
  156  15:11  Viking x3  
  156  15:13  Ghost x2  
  162  15:15  Marauder  
  162  15:20  Terran Ship Weapons Level 3  
  161  15:24  Marauder x2  
  161  15:27  Marine  
  161  15:28  Marine x2  
  162  15:37  Ghost  
  162  15:40  Liberator, Viking  
  162  15:41  Viking  
  171  15:43  Liberator  
  171  15:45  Marauder x2  
  171  15:48  Personal Cloaking  
  177  15:58  Missile Turret  
  177  16:06  Marauder, Ghost  
  177  16:10  Planetary Fortress  
  181  16:12  Missile Turret  
  178  16:20  Marauder x2, Marine  
  178  16:21  Marauder, Marine x3  
  188  16:27  Marauder  
  188  16:32  Marine x2  
  178  16:35  Marauder  
  178  16:38  Marine  
  179  16:40  Marine x3  
  179  16:41  Liberator x4, Marauder x2  
  179  16:43  Marauder  
  196  16:58  Marauder x2, Marine x3  
  196  17:00  Widow Mine x2  
  194  17:01  Marine  
  194  17:02  Ghost, Marine x2  
  194  17:09  Ghost  
  194  17:11  Marauder  
  196  17:20  Marine, Ghost  
  196  17:21  Marine  
  196  17:22  Marine x2  
  170  17:23  Marauder, Marine x2  
  170  17:26  Liberator x2  
  182  17:30  Liberator  
  182  17:31  Marauder  
  182  17:32  Missile Turret, Ghost  
  182  17:34  Medivac  
  191  17:38  Marine x2  
  193  17:51  Marine x2  
  186  17:52  Marauder  
  186  17:54  Marine  
  186  17:55  Marine  

Tags
 
Add a new tag
Caveats
  • Supply blocks, unpowered buildings, or Contaminate may cause inaccurate times.
  • Supply counts are checked every 10 seconds.